 Dungeon Crawl Stone Soup version 0.29.1-1-gd02db6906a (webtiles) character file.

Game seed: 14439300925266575427

92 EvilAshe the Slasher (level 4, -3/35 HPs)
             Began as a Human Fighter on Sept 18, 2022.
             Was a Believer of Nemelex Xobeh.
             Succumbed to a kobold's poison
             ... on level 2 of the Dungeon.
             The game lasted 00:04:16 (1595 turns).

EvilAshe the Slasher (Human Fighter)                Turns: 1595, Time: 00:04:17

Health: -3/35      AC:  8    Str: 22 (25) XL:     4   Next: 90%
Magic:  4/4        EV:  9    Int:  6 (8)  God:    Nemelex Xobeh [**....]
Gold:   63         SH:  4    Dex: 10 (12) Spells: 3/3 levels left

rFire   . . .      SeeInvis .   s - +0 long sword
rCold   . . .      Faith    .   c - +0 buckler
rNeg    . . .      Spirit   .   b - +0 scale mail
rPois   .          Reflect  .   (no helmet)
rElec   .          Harm     .   (no cloak)
rCorr   .          Rampage  .   (no gloves)
Will    +....                   h - +0 pair of boots
Stlth   ..........              (no amulet)
HPRegen 0.11/turn               j - ring of willpower
MPRegen 0.09/turn               m - +6 ring of strength

@: brilliant, lethally poisoned (-3 -> -29)
A: no striking features
a: Renounce Religion, Draw Escape, Draw Destruction, Draw Summoning


You were on level 2 of the Dungeon.
You worshipped Nemelex Xobeh.
Nemelex Xobeh was pleased with you.
You visited 1 branch of the dungeon, and saw 3 of its levels.

You collected 63 gold pieces.

Inventory:

Hand Weapons
 s - a +0 long sword (weapon)
Missiles
 g - 7 stones
 o - 4 boomerangs (quivered)
Armour
 b - a +0 scale mail (worn)
 c - a +0 buckler (worn)
 h - a +0 pair of boots (worn)
Jewellery
 j - a ring of willpower (left hand)
 m - a +6 ring of strength (right hand)
 q - a ring of positive energy
Scrolls
 a - a scroll of enchant weapon {unknown}
 f - a scroll of teleportation {unknown}
 k - a scroll of magic mapping {unknown}
 l - 3 scrolls of identify {unknown}
 n - a scroll of poison {unknown}
Potions
 d - a potion of might
 e - a potion of degeneration
 i - 2 potions of brilliance
 p - a potion of ambrosia {unknown}


   Skills:
 - Level 3.0 Fighting
 * Level 4.0 Long Blades
 + Level 3.8 Armour
 - Level 3.0 Shields


You had 3 spell levels left.
You didn't know any spells.
Your spell library contained the following spells:

 Spells                   Type           Power      Damage    Failure   Level
 Summon Small Mammal      Summ           0%         N/A       86%         1
 Poisonous Vapours        Pois/Air       0%         N/A       95%         2
 Call Canine Familiar     Summ           0%         N/A       99%         3
 Summon Guardian Golem    Hex/Summ       0%         N/A       99%         3
 Corpse Rot               Necr/Pois/Air  0%         N/A       100%        4


Dungeon Overview and Level Annotations

Branches:
Dungeon (3/15)

Altars:
Nemelex Xobeh


Message History

Your raiju disappears in a puff of smoke!
Your basilisk disappears in a puff of smoke!
HP restored.
Things that are here:
a +0 trident; a +0 scale mail; the human corpse of Terence A kobold comes into view.
It is wielding a +2 dagger of venom.
The kobold shouts!
The kobold throws a stone.
The stone barely misses you.
You start waiting.
A kobold is nearby!
The kobold hits you with a +2 dagger of venom.
You are poisoned.
You barely miss the kobold.
You feel very sick. The kobold hits you but does no damage.
You are more poisoned.
The kobold hits you but does no damage.
You are more poisoned.
You closely miss the kobold.
You feel extremely sick. You block the kobold's attack.
You hit the kobold but do no damage.
You feel very sick.
The kobold hits you with a +2 dagger of venom.
You are more poisoned.
You draw a card...
You have drawn the Dance.
* * * LOW HITPOINT WARNING * * *
You feel very sick. The kobold hits you but does no damage.
You are more poisoned.
It was a potion of brilliance.
You feel clever all of a sudden.
* * * LOW HITPOINT WARNING * * *
You feel extremely sick. The kobold closely misses you.
It was a potion of degeneration.
There was something very wrong with that liquid.
You feel weakened.
You feel dopey.
You feel clumsy.
You die...
Your body disappears without a glow.

#.. #.#.###########
### #.
#.#.#.......... #.
#.#.#.#####.... #.
#.#.#.# #)#.# #.
#.#.#.# #.#.# #.
#...#.# #.#.# #(
#####.#####.#.#
#K#######.#.......#
#.@.......#.###.###
###########.....#
#######


You could see a kobold (ally target) and a friendly +1 trident "Newt's Curse"
{freeze, rPois rN+ Will- Int+3} (summoned).

Vanquished Creatures
  Jessica (D:2)
  Terence (D:2)
  3 dart slugs
  2 endoplasms
  3 giant cockroaches
  2 goblins (D:2)
  3 hobgoblins (D:2)
  3 kobolds
  3 quokkas
  6 ball pythons
  A bat (D:1)
  5 rats
33 creatures vanquished.

Notes
Turn   | Place    | Note
-------+----------+-------------------------------------------
     0 | D:1      | EvilAshe the Human Fighter began the quest for the Orb.
     0 | D:1      | Reached XP level 1. HP: 18/18 MP: 1/1
   186 | D:1      | Reached XP level 2. HP: 24/24 MP: 2/2
   594 | D:1      | Found a faded altar of an unknown god.
   615 | D:1      | Prayed at the altar of an unknown god.
   615 | D:1      | Became a worshipper of Nemelex Xobeh the Trickster
   615 | D:1      | Reached * piety under Nemelex Xobeh
   615 | D:1      | Received a gift from Nemelex Xobeh
   700 | D:1      | Reached XP level 3. HP: 25/29 MP: 3/3
   803 | D:3      | Reached skill level 3 in Long Blades
   910 | D:2      | Noticed Jessica
   921 | D:2      | Killed Jessica
   922 | D:2      | Reached XP level 4. HP: 34/35 MP: 4/4
  1498 | D:2      | Noticed Terence
  1512 | D:2      | Killed Terence
  1513 | D:2      | Reached skill level 4 in Long Blades
  1567 | D:2      | Reached ** piety under Nemelex Xobeh
  1593 | D:2      | Identified the +1 trident "Newt's Curse" {freeze, rPois rN+
                  | Will- Int+3}
  1595 | D:2      | Succumbed to a kobold's poison

Illustrated notes

Levels and vault maps discovered:
D:1:      lemuel_arrival_lava_pool, layout_loops_ring,
          hellmonk_ecumenical_altar_pennies_from_heaven
D:2:      layout_basic, st_stairs_8, uniq_jessica, uniq_terence
D:3:      layout_rooms, uniq_crazy_yiuf_cottage, uniq_sigmund

Skill      XL: |  1  2  3  4 |
---------------+-------------+-----
Long Blades    | 3 4 |  4.0
Fighting       | |  3.0
Armour         | |  3.8
Shields        | |  3.0

Action                   |  1- 3 |  4- 6 || total
-------------------------+-------+-------++-------
Melee: Long sword        |    68 |    42 ||   110
Invok: Draw Summoning    |       |     2 ||     2
  Use: Potion            |       |     2 ||     2
 Stab: Petrified         |       |     5 ||     5
Armor: Scale mail        |    32 |    11 ||    43
Dodge: Dodged            |    26 |    14 ||    40
Block: Buckler           |    12 |     6 ||    18
